 Dungeon Crawl Stone Soup version 0.29-a0-91-gdebf4667c2 (webtiles) character file.

Game seed: 7192663597364923417

1049 drugrobin the Insei (level 7, -8/59 HPs)
             Began as a Demigod Warper on Feb 7, 2022.
             Killed from afar by Maggie (29 damage)
             ... with a bolt of fire
             ... on level 6 of the Dungeon.
             The game lasted 00:16:31 (6379 turns).

drugrobin the Insei (Demigod Warper)                Turns: 6379, Time: 00:16:32

Health: -8/59      AC:  6    Str: 18    XL:     7   Next: 76%
Magic:  11/12      EV: 14    Int: 15    God:
Gold:   145        SH:  0    Dex: 23    Spells: 4/9 levels left

rFire   . . .      SeeInvis .     - Unarmed
rCold   . . .      Faith    .   (no shield)
rNeg    + + .      Spirit   .   q - +2 leather armour {rN+}
rPois   .          Reflect  .   (helmet currently unavailable)
rElec   .          Harm     .   m - +0 cloak
rCorr   .          Rampage  .   (no gloves)
Will    +....                   (boots currently unavailable)
Stlth   ++........              b - amulet "Ulac" {Acrobat rN+ Will+ Regen+ Str+2}
HPRegen 0.99/turn               t - +6 ring of dexterity
MPRegen 0.13/turn               y - +4 ring of slaying

@: appendages (expiring), mesmerised
A: horns 2, talons 2, high MP 1, forlorn, divine attributes
a: End Transformation


You were on level 6 of the Dungeon.
You had temporarily grown beastly horns and talons.
You visited 1 branch of the dungeon, and saw 6 of its levels.

You collected 145 gold pieces.

Inventory:

Hand Weapons
 a - a +0 spear
Missiles
 d - 5 boomerangs of dispersal (quivered)
 g - 31 bolts
Armour
 m - a +0 cloak (worn)
 q - a +2 leather armour of positive energy (worn)
 u - a +0 pair of boots
Jewellery
 b - the amulet "Ulac" (around neck) {Acrobat rN+ Will+ Regen+ Str+2}
   (You found it on level 6 of the Dungeon)

   [amulet of the acrobat]

   It increases your evasion while moving and waiting.
   Str:       It affects your strength (+2).
   rN:        It protects you from negative energy.
   Regen:     It increases your rate of health regeneration.
   Will:      It increases your willpower.
 h - an amulet of guardian spirit
 l - a +6 ring of intelligence
 s - a ring of magical power
 t - a +6 ring of dexterity (left hand)
 y - a +4 ring of slaying (right hand)
Scrolls
 c - 3 scrolls of blinking
 j - a scroll of summoning {unknown}
 k - a scroll of enchant armour {unknown}
 n - 2 scrolls of amnesia {unknown}
 o - 2 scrolls of noise {unknown}
 r - a scroll of silence {unknown}
 x - a scroll of fear {unknown}
 z - a scroll of magic mapping {unknown}
Potions
 e - 2 potions of lignification
 f - 2 potions of curing
 i - a potion of cancellation {unknown}
 v - 4 potions of heal wounds
 w - a potion of magic {unknown}


   Skills:
 + Level 4.2 Fighting
 - Level 2.2 Polearms
 - Level 0.8 Throwing
 - Level 0.8 Armour
 + Level 3.6 Dodging
 * Level 5.1 Unarmed Combat
 - Level 1.7 Spellcasting
 - Level 3.1 Translocations
 + Level 3.5 Transmutations


You had 4 spell levels left.
You knew the following spells:

 Your Spells              Type           Power      Damage    Failure   Level
a - Beastly Appendage     Tmut           24%        N/A       6%          1
b - Blink                 Tloc           20%        N/A       11%         2
c - Wereblood             Tmut           12%        N/A       10%         2

Your spell library contained the following spells:

 Spells                   Type           Power      Damage    Failure   Level
 Gell's Gravitas          Tloc           10%        N/A       22%         3
 Lesser Beckoning         Tloc           10%        N/A       22%         3
 Teleport Other           Tloc           10%        N/A       22%         3
 Foxfire                  Conj/Fire      4%         2x1d4     26%         1
 Spider Form              Tmut/Pois      6%         N/A       36%         3
 Passage of Golubria      Tloc           10%        N/A       58%         4
 Conjure Flame            Conj/Fire      1%         6-21      63%         3
 Inner Flame              Hex/Fire       1%         N/A       63%         3
 Tukima's Dance           Hex            1%         N/A       63%         3
 Ice Form                 Ice/Tmut       6%         N/A       78%         4
 Flame Wave               Conj/Fire      1%         2d4       95%         4
 Hailstorm                Conj/Ice       1%         3d3       95%         4
 Manifold Assault         Tloc           10%        N/A       90%         5
 Yara's Violent Unravell  Hex/Tmut       3%         3d4       98%         5
 Simulacrum               Ice/Necr       0%         N/A       100%        6


Dungeon Overview and Level Annotations

Branches:
Dungeon (6/15)             Temple (0/1) D:5

Annotations:
D:6 Maggie


Innate Abilities, Weirdness & Mutations

You have temporarily grown beastly horns and talons.
You have an increased reservoir of magic. (+10% MP)
You shall have no god before yourself.
Your divine heritage dramatically boosts your attributes as you level up.


Message History

Maggie is heavily wounded.
Something barely misses you. Maggie barely misses you.
Unknown command.
You punch Maggie!
Maggie is severely wounded.
Maggie completely misses you. Something hits you but does no damage.
Unknown command.
You hit Maggie but do no damage. You headbutt Maggie!
Maggie is almost dead.
Your transformation is almost over.
Your primal bloodlust has ended.
You hear some strange, mumbled words.
A puff of flame appears from out of thin air!
The puff of flame hits you!
* * * LOW HITPOINT WARNING * * *
Maggie closely misses you.
Unknown command.
You barely miss Maggie. You claw Maggie.
Maggie is almost dead.
Maggie hits you with a +0 glaive!
* * * LOW HITPOINT WARNING * * *
Something hits you.
* * * LOW HITPOINT WARNING * * *
Unknown command.
Unknown command.
You feel much better. Maggie completely misses you. Something hits you.
Unknown command.
Unknown command.
You hit Maggie but do no damage. Your kick misses Maggie.
Maggie is almost dead.
Something barely misses you. Maggie casts a spell at you.
The bolt of fire hits you!
Unknown command.
Unknown command.
You hit Maggie but do no damage. Your punch misses Maggie.
Maggie is almost dead.
Something hits you. Maggie casts a spell at you. The bolt of fire hits you!!
You die...

.. .. .# ..
#. . ##.
....#.{### #.
.....o@@.# ..
....####)#
##. . #.# #..
#.####.#
#...##.#
#...##.#
.##.#
#......#
#.##.#
#.....####..#
###.##.#
####.......#


You could see Maggie (mesmerising) and an orc.

Vanquished Creatures
  Grinder (D:5)
  An ogre (D:4)
  A water moccasin zombie (D:5)
  3 bullfrog zombies (D:5)
  A centaur zombie (D:5)
  A hound (D:5)
  4 orc priests
  A centaur skeleton (D:5)
  2 iguanas
  An orc wizard (D:6)
  3 scorpion zombies (D:5)
  2 hound skeletons
  A howler monkey zombie (D:5)
  3 gnolls (D:4)
  7 adders
  2 ufetubi
  An adder skeleton (D:4)
  An adder zombie (D:5)
  2 worms
  A dart slug (D:2)
  15 orcs
  4 bats
  9 endoplasms
  2 giant cockroaches
  6 goblins
  13 hobgoblins
  6 quokkas
  2 ball pythons (D:2)
  3 frilled lizards (D:1)
  3 kobolds
  7 rats
109 creatures vanquished.

Notes
Turn   | Place    | Note
-------+----------+-------------------------------------------
     0 | D:1      | drugrobin the Demigod Warper began the quest for the Orb.
     0 | D:1      | Reached XP level 1. HP: 17/17 MP: 5/5
   253 | D:1      | Reached XP level 2. HP: 15/24 MP: 5/7
   818 | D:1      | Learned a level 1 spell: Beastly Appendage
  1188 | D:2      | Reached skill level 1 in Unarmed Combat
  1188 | D:2      | Reached XP level 3. HP: 27/29 MP: 5/8
  1350 | D:2      | Reached skill level 1 in Transmutations
  1521 | D:2      | Learned a level 2 spell: Blink
  1548 | D:2      | Learned a level 2 spell: Wereblood
  2637 | D:3      | Reached XP level 4. HP: 36/37 MP: 9/9
  3164 | D:4      | Reached skill level 2 in Unarmed Combat
  4376 | D:4      | Reached XP level 5. HP: 31/44 MP: 7/10
  5053 | D:5      | Entered Level 5 of the Dungeon
  5053 | D:5      | Noticed an ogre
  5212 | D:5      | Reached skill level 3 in Unarmed Combat
  5275 | D:5      | Found a staircase to the Ecumenical Temple.
  5362 | D:5      | Reached XP level 6. HP: 50/51 MP: 11/11
  5484 | D:5      | Noticed Grinder
  5489 | D:5      | Paralysed by Grinder for 7 turns
  5664 | D:5      | Reached skill level 4 in Unarmed Combat
  5719 | D:5      | Reached XP level 7. HP: 58/58 MP: 12/12
  5938 | D:5      | Killed Grinder
  6309 | D:6      | Identified the amulet "Ulac" {Acrobat rN+ Will+ Regen+
                  | Str+2}
  6361 | D:6      | Noticed Maggie
  6365 | D:6      | Reached skill level 5 in Unarmed Combat
  6379 | D:6      | Killed from afar by Maggie

Illustrated notes

Levels and vault maps discovered:
D:1:      moated_graveyard_arrival, layout_rooms
D:2:      layout_basic, shapermc_ecumenical_altar_pompeii
D:3:      layout_rooms
D:4:      layout_loops_ring
D:5:      nicolae_cairo_tiling_large_dashed, layout_cave_pools,
          nicolae_yredelemnul_corpse_copse, minmay_temple_entry_water_ring,
          uniq_grinder
D:6:      cheibrodos_steamvent, layout_rooms, nicolae_ru_the_path_less_chosen,
          gammafunk_ghost_grave, uniq_maggie

Skill      XL: |  1  2  3  4  5  6  7 |
---------------+----------------------+-----
Polearms       | 2 |  2.2
Translocations | 3 |  3.1
Fighting       | 2 3 4 |  4.2
Unarmed Combat | 1 2 3 4 5 |  5.1
Transmutations | 1 2 3 |  3.5
Dodging        | 2 3 |  3.6
Throwing       | |  0.8
Armour         | |  0.8
Spellcasting   | |  1.7

Action                   |  1- 3 |  4- 6 |  7- 9 || total
-------------------------+-------+-------+-------++-------
Melee: Spear             |   111 |       |       ||   111
       Unarmed           |   122 |   216 |    46 ||   384
       Kick              |    12 |    58 |    22 ||    92
       Headbutt          |     3 |    35 |    11 ||    49
       Punch             |       |     5 |       ||     5
 Cast: Beastly Appendage |     8 |    23 |     8 ||    39
       Blink             |       |     1 |     1 ||     2
       Wereblood         |       |     3 |     2 ||     5
  Use: Potion            |     1 |       |     1 ||     2
       Scroll            |       |       |     3 ||     3
 Stab: Sleeping          |     2 |     1 |     1 ||     4
Armor: Leather armour    |    48 |    57 |     7 ||   112
Dodge: Dodged            |   116 |   132 |    24 ||   272

Table legend: (Time is in decaauts)
 A = Elapsed time spent in this place.
 B = Non-inter-level travel time spent in this place.
 C = Inter-level travel time spent in this place.
 D = Time resting spent in this place.
 E = Time spent auto-exploring this place.
 F = Levels seen in this place.
 G = Mean time per level.
                   A        B        C        D        E       F      G
               +--------+--------+--------+--------+--------+-----+--------+
         Total |   6359 |   6148 |    211 |    898 |   3717 |   6 | 1059.8 |
       Dungeon |   6359 |   6148 |    211 |    898 |   3717 |   6 | 1059.8 |
               +--------+--------+--------+--------+--------+-----+--------+

Top non-repeatable levels by time:
     D:4: 2035 daAuts
     D:2: 1227 daAuts
     D:5: 1108 daAuts
     D:3: 993 daAuts
     D:1: 901 daAuts
     D:6: 93 daAuts
